 Dungeon Crawl Stone Soup version 0.31-a0-986-g5e6e4ef867 (webtiles) character file.

Game seed: 3741100255120788186

347 Xavori the Trooper (level 6, -1/51 HPs)
             Began as a Djinni Chaos Knight on Nov 3, 2023.
             Was a Plaything of Xom.
             Slain by a hell rat (14 damage)
             ... in a sewer.
             The game lasted 00:02:30 (6537 turns).

Xavori the Trooper (Djinni Chaos Knight)            Turns: 6537, Time: 00:02:31

Health: -1/51      AC:  7    Str: 11    XL:     6   Next: 90%
Gold:   145        EV: 12    Int: 14    God:    Xom [.....*] SH:  0 Dex: 14

rFire   + + .        a - +1 falchion (chaos)
rCold   x . .        k - +0 buckler
rNeg    . . .        b - +2 leather armour
rPois   ∞            (helmet restricted)
rElec   .            i - +0 cloak
rCorr   .            d - +0 pair of gloves
SInv    .            (boots unavailable)
Will    .....        f - amulet of reflection
Stlth   +            (no ring)
HPRegen 0.28/turn    (no ring)
MPRegen 0.00/turn

%: reflection, infuse magic (-2 HP)
@: confused, brilliant, ambrosia-drunk, flying
A: sickness immunity, fire resistance 2, cold vulnerability 1, float, innate
caster, HP casting, extra vitality 1, horns 1, robust 1, MP-powered wands, noise
suppression
a: Renounce Religion


You were in a sewer.
You worshipped Xom.
You were Xom's teddy bear.
You visited 1 branch of the dungeon, and saw 3 of its levels.
You also visited: Sewer.

You collected 145 gold pieces.

Inventory:

Hand Weapons
 a - a +1 falchion of chaos (weapon)
Armour
 b - a +2 leather armour (worn)
 d - a +0 pair of gloves (worn)
 i - a +0 cloak (worn)
 k - a +0 buckler (worn)
Jewellery
 f - an amulet of reflection (around neck)
Scrolls
 c - 2 scrolls of butterflies
 n - a scroll of identify {unknown}
 p - a scroll of blinking {unknown}
Potions
 e - a potion of heal wounds {unknown}
 g - a potion of brilliance
 h - a potion of ambrosia
 j - a potion of attraction {unknown}
 l - a potion of degeneration {unknown}
 m - 2 potions of berserk rage {unknown}
 o - a potion of invisibility {unknown}


   Skills:
 + Level 4.0 Fighting
 + Level 3.6 Long Blades
 + Level 2.7 Armour
 + Level 3.6 Dodging
 * Level 2.2 Spellcasting
 * Level 2.2 Conjurations
 * Level 2.2 Hexes
   Level 0.0 Charms
 * Level 2.2 Summonings
 * Level 2.2 Necromancy
 * Level 2.2 Translocations
 * Level 2.2 Transmutations
 * Level 2.2 Fire Magic
 * Level 2.2 Ice Magic
 * Level 2.2 Air Magic
 * Level 2.2 Earth Magic
 * Level 2.2 Poison Magic


You knew the following spells:

 Your Spells              Type           Power      Damage    Failure   Level
a - Sting                 Tmut/Pois      44%        1d5       19%         1
b - Passwall              Tmut/Erth      9%         N/A       26%         2
Your spell library was empty.

Dungeon Overview and Level Annotations

Branches:
Dungeon (3/15)              Sewer (1/1)

Altars:
Gozag


Innate Abilities, Weirdness & Mutations

You are immune to sickness and miasma.
You are immune to poison.
Your flesh is very heat resistant. (rF++)
You are vulnerable to cold. (rC-)
You float through the air rather than walking.
You learn spells naturally, not from books.
Your magical power is your life essence.
You have superior vitality. (+4 MHP)
You have a pair of small horns on your head.
You are robust. (+10% HP)
You expend health (3 HP) to strengthen your wands.
You passively dampen the noise of your surroundings.


Message History

A hell rat is nearby!
You closely miss the hell rat. The hell rat bites you!
You hit the hell rat but do no damage.
You headbutt the hell rat, but do no damage.
The hell rat splashes around in the water.
You hit the hell rat.
The hell rat convulses.
The hell rat is moderately wounded.
The hell rat bites you but does no damage.
The hell rat bites you!
Unknown command.
You closely miss the hell rat.
The hell rat is moderately wounded.
The hell rat closely misses you.
Unknown command.
You hit the hell rat but do no damage.
The hell rat suddenly seems more resistant.
The hell rat is moderately wounded.
The hell rat closely misses you.
The hell rat splashes around in the water.
Unknown command.
You hit the hell rat. You headbutt the hell rat.
The hell rat is heavily wounded.
The hell rat bites you!
You are too injured to fight recklessly!
You are too injured to fight recklessly!
You hit the hell rat but do no damage.
The hell rat is heavily wounded.
You block the hell rat's attack.
You aren't carrying any items that you can evoke.
Unknown command.
It was a potion of brilliance.
You feel clever all of a sudden.
The hell rat twitches its whiskers.
The hell rat bites you!
* * * LOW HITPOINT WARNING * * *
You block the hell rat's attack.
It was a potion of ambrosia.
You are confused.
You feel invigorated. The hell rat bites you!
You die...

#########
###~~~∩.~~###
##.~~.~∩...†.###
~~~~~#####~.~.~#
##~.~###?∩?###~.~##
#~~~##~!?!?!~##~.~#
#~~~#.~.~~~~.~#†~.#
#~~~##~~~~r~~##~.~#
##~..###.@~###.~~##
#~..~~##'##.~...#
##~~.†.~~...~###
###.~~.~~.###
#########


You could see a hell rat (resistant).

Vanquished Creatures
  Sigmund (D:2)
  Jessica (D:2)
  6 adders
  2 river rats (Sewer)
  4 worms
  2 dart slugs
  A bat (D:2)
  An endoplasm (D:1)
  7 giant cockroaches
  5 goblins
  5 hobgoblins
  6 jackals
  5 quokkas
  8 ball pythons
  3 frilled lizards
  6 kobolds
  9 rats
72 creatures vanquished.

Vanquished Creatures (others)
  A rat (D:2)
1 creature vanquished.

Grand Total: 73 creatures vanquished

Notes
Turn   | Place    | Note
-------+----------+-------------------------------------------
     0 | D:1      | Xavori the Djinni Chaos Knight began the quest for the Orb.
     0 | D:1      | Reached XP level 1. HP: 20/20 MP: 0/0
   117 | D:1      | Reached XP level 2. HP: 25/25 MP: 0/0
   124 | D:1      | XOM: potion effect (haste)
   149 | D:1      | XOM: silly message
   295 | D:1      | Reached XP level 3. HP: 30/30 MP: 0/0
   295 | D:1      | Learned a level 1 spell: Sting
   358 | D:1      | XOM: silly message
   735 | D:2      | Reached skill level 1 in Spellcasting
   735 | D:2      | Reached skill level 1 in Conjurations
   735 | D:2      | Reached skill level 1 in Hexes
   735 | D:2      | Reached skill level 1 in Summonings
   735 | D:2      | Reached skill level 1 in Necromancy
   735 | D:2      | Reached skill level 1 in Translocations
   735 | D:2      | Reached skill level 1 in Transmutations
   735 | D:2      | Reached skill level 1 in Fire Magic
   735 | D:2      | Reached skill level 1 in Ice Magic
   735 | D:2      | Reached skill level 1 in Air Magic
   735 | D:2      | Reached skill level 1 in Earth Magic
   735 | D:2      | Reached skill level 1 in Poison Magic
   891 | D:1      | XOM: silly message
  1350 | D:1      | XOM: silly message
  1541 | D:1      | XOM: divination: detect creatures
  1925 | D:1      | XOM: silly message
  2035 | D:1      | XOM: noise
  2277 | D:1      | XOM: silly message
  3548 | D:1      | XOM is BORED!
  3548 | D:1      | XOM: silly message
  3559 | D:1      | XOM: silly message
  3848 | D:1      | XOM: silly message
  4182 | D:1      | XOM: divination: magic mapping
  4280 | D:1      | XOM: cloud trail
  4381 | D:1      | XOM: noise
  4415 | D:1      | XOM is BORED!
  4415 | D:1      | XOM: summons 2 hostile demons
  4416 | D:1      | an iron imp changed into a lemure
  4416 | D:1      | Noticed a lemure
  4416 | D:1      | XOM: polymorph iron imp -> lemure
  4936 | D:1      | XOM: summons 1 hostile shadow creature
  5343 | D:1      | XOM: give mutations
  5343 | D:1      | Gained mutation: You have a pair of small horns on your
                  | head. [Xom's grace]
  5343 | D:1      | Gained mutation: You passively dampen the noise of your
                  | surroundings. [Xom's grace]
  5343 | D:1      | Gained mutation: You expend health (3 HP) to strengthen
                  | your wands. [Xom's grace]
  5343 | D:1      | Gained mutation: You are robust. (+10% HP) [Xom's grace]
  5393 | D:2      | XOM: snakes to sticks
  5432 | D:2      | Reached XP level 4. HP: 38/38 MP: 0/0
  5611 | D:2      | Found an opulent altar of Gozag.
  6025 | D:2      | Noticed Sigmund
  6026 | D:2      | Noticed Jessica
  6034 | D:2      | XOM: summons friendly ufetubus
  6045 | D:2      | XOM: summons 1 friendly demon
  6046 | D:2      | Killed Sigmund
  6047 | D:2      | Reached XP level 5. HP: 21/45 MP: 0/0
  6047 | D:2      | Learned a level 2 spell: Passwall
  6047 | D:2      | Reached XP level 6. HP: 24/51 MP: 0/0
  6058 | D:2      | Killed Jessica
  6203 | D:2      | XOM: cloud trail
  6327 | D:3      | Reached skill level 4 in Fighting
  6436 | D:3      | Found a glowing drain.
  6460 | Sewer    | Entered a sewer
  6519 | Sewer    | XOM: 3-stop teleportation journey
  6537 | Sewer    | Slain by a hell rat

Illustrated notes

Levels and vault maps discovered:
D:1:      co_arrival_square_in_a_square_in_a_square, layout_basic,
          nicolae_wormholes
D:2:      layout_basic, basic_altar, minmay_heptomino_d4, uniq_sigmund,
          uniq_jessica
D:3:      layout_loops_ring, lemuel_doored_altar, portal_sewer_entry_f,
          serial_glass, glass_columns_a, glass_columns_b, glass_columns_b,
          glass_columns_a, glass_columns_c, glass_columns_b, glass_columns_a,
          glass_columns_a, glass_columns_a, glass_columns_b, serial_shops, shop
Sewer:    sewer_hellmonk_bad_rat

Skill      XL: |  1  2  3  4  5  6 |
---------------+-------------------+-----
Long Blades    | 3 |  3.6
Spellcasting   | 1 2 |  2.2
Conjurations   | 1 2 |  2.2
Hexes          | 1 2 |  2.2
Summonings     | 1 2 |  2.2
Necromancy     | 1 2 |  2.2
Translocations | 1 2 |  2.2
Transmutations | 1 2 |  2.2
Fire Magic     | 1 2 |  2.2
Ice Magic      | 1 2 |  2.2
Air Magic      | 1 2 |  2.2
Earth Magic    | 1 2 |  2.2
Poison Magic   | 1 2 |  2.2
Armour         | 2 |  2.7
Dodging        | 3 |  3.6
Fighting       | 4 |  4.0

Action                     |  1- 3 |  4- 6 || total
---------------------------+-------+-------++-------
  Melee: Falchion          |    88 |   130 ||   218
         Headbutt          |       |    21 ||    21
         Punch             |       |     1 ||     1
    Use: Potion            |       |     2 ||     2
         Scroll            |       |     1 ||     1
   Stab: Sleeping          |     1 |     1 ||     2
         Confused          |       |     1 ||     1
 Armour: Leather armour    |    44 |    70 ||   114
  Dodge: Dodged            |    62 |    73 ||   135
  Block: Other             |     9 |    13 ||    22
         Reflection        |       |     3 ||     3
         Buckler           |       |    21 ||    21

Table legend: (Time is in decaauts)
 A = Elapsed time spent in this place.
 B = Non-inter-level travel time spent in this place.
 C = Inter-level travel time spent in this place.
 D = Time resting spent in this place.
 E = Time spent auto-exploring this place.
 F = Levels seen in this place.
 G = Mean time per level.
                   A        B        C        D        E       F      G
               +--------+--------+--------+--------+--------+-----+--------+
         Total |   6560 |   6487 |     73 |   4671 |   1237 |   4 | 1640.0 |
       Dungeon |   6479 |   6406 |     73 |   4671 |   1199 |   3 | 2159.7 |
         Sewer |     81 |     81 |      0 |      0 |     38 |   1 |   81.0 |
               +--------+--------+--------+--------+--------+-----+--------+

Top non-repeatable levels by time:
     D:1: 5017 daAuts
     D:2: 1310 daAuts
     D:3: 151 daAuts
   Sewer: 81 daAuts
